 Dungeon Crawl Stone Soup version 0.22.0 (webtiles) character file.

1627 edsrzf the Cruncher (level 8, -1/44 HPs)
             Began as a Tengu Warper on Aug 14, 2018.
             Was an Initiate of Okawaru.
             Slain by a wight
             ... wielding a +3 great sword
              (16 damage)
             ... on level 7 of the Dungeon.
             The game lasted 00:13:37 (6290 turns).

edsrzf the Cruncher (Tengu Warper)                  Turns: 6290, Time: 00:13:37

Health: -1/44      AC:  5    Str: 12    XL:     8   Next: 97%
Magic:  12/12      EV: 15    Int: 16    God:    Okawaru [......]
Gold:   314        SH:  0    Dex: 13    Spells: 9/11 levels left

rFire    + . .     SeeInvis .   a - +9 staff of Olgreb {rPois}
rCold    . . .     Gourm    .   (no shield)
rNeg     . . .     Faith    .   J - +2 robe {rF+}
rPois    ∞         Spirit   .   i - +1 hat
rElec    .         Reflect  .   (no cloak)
rCorr    .         Harm     .   (no gloves)
MR       +....                  (boots unavailable)
Stlth    +.........             A - amulet of regeneration
HPRegen  0.54/turn              x - +3 ring of evasion
MPRegen  0.13/turn              D - ring of protection from magic

@: drained
A: beak, talons 3, able to fly 1
a: Fly, Renounce Religion


You were on level 7 of the Dungeon.
You worshipped Okawaru.
Okawaru was noncommittal.
You were hungry.

You visited 2 branches of the dungeon, and saw 8 of its levels.

You collected 314 gold pieces.

Inventory:

Hand Weapons
 a - the +9 staff of Olgreb (weapon) {rPois}
   (You found it on level 4 of the Dungeon)

   It protects you from poison.
 b - a +6 hunting sling of flaming
 C - a +0 spear
 F - a +0 quarterstaff
 G - a +0 blowgun
Missiles
 e - 5 tomahawks of dispersal
 g - 109 stones (quivered)
 p - 5 needles of paralysis
 w - 10 sling bullets
 B - 4 tomahawks
 I - 20 poisoned needles
Armour
 i - a +1 hat (worn)
 r - a +2 shield
 J - a +2 robe of fire resistance (worn)
Jewellery
 x - a +3 ring of evasion (left hand)
 A - an amulet of regeneration (around neck)
 D - a ring of protection from magic (right hand)
Wands
 H - a wand of random effects (26)
Scrolls
 c - a scroll of amnesia {unknown}
 d - 2 scrolls of blinking
 h - 4 scrolls of identify {@r1}
 j - a scroll of noise {unknown}
 l - 3 scrolls of remove curse {unknown}
 o - 2 scrolls of fog {unknown}
 t - a scroll of enchant weapon {unknown}
 u - 4 scrolls of immolation {unknown}
 v - a scroll of silence {unknown}
 y - 4 scrolls of teleportation {unknown}
 z - a scroll of random uselessness {unknown}
Potions
 k - 3 potions of might
 m - 4 potions of curing
 n - a potion of cancellation
 q - a potion of agility
 s - a potion of ambrosia
 E - 4 potions of mutation {unknown}
Comestibles
 f - 18 rations


   Skills:
 - Level 2.0(1.1) Fighting
 - Level 4.9(6.1) Polearms
 * Level 8.0(7.6) Staves
 + Level 5.3(4.6) Slings
 - Level 2.3(3.2) Throwing
 - Level 1.1(0.2) Armour
 - Level 2.1(1.3) Dodging
 - Level 2.0(1.1) Spellcasting
 - Level 2.4(1.5) Translocations
 + Level 3.3(2.5) Evocations


You had 9 spell levels left.
You knew the following spells:

 Your Spells              Type           Power        Failure   Level  Hunger
b - Blink                 Tloc           N/A          19%         2    ###....

Your spell library contained the following spells:

 Spells                   Type           Power        Failure   Level  Hunger
 Teleport Other           Tloc           #.......     34%         3    ####...
 Passage of Golubria      Tloc           N/A          75%         4    #####..
 Shroud of Golubria       Chrm/Tloc      #.........   26%         2    ###....
 Gell's Gravitas          Tloc           #.........   34%         3    ####...
 Lesser Beckoning         Tloc           #.........   34%         3    ####...


Dungeon Overview and Level Annotations

Branches:
Dungeon (7/15)             Temple (1/1) D:5

Altars:
Ashenzari
Dithmenos
Elyvilon
Fedhas
Gozag
Kikubaaqudgha
Makhleb
Nemelex Xobeh
Okawaru
Qazlal
Ru
Sif Muna
Trog
Uskayaw
Vehumet
Wu Jian
Xom
Yredelemnul
Zin
The Shining One

Shops:
D:5 %   D:6 (


Innate Abilities, Weirdness & Mutations

You have a beak for a mouth.
You have claws for feet.
You can fly.


Message History

Items here: )) [ † a flail; a leather armour; a hand axe; an orc corpse
g - 107 stones (gained 1)
g - 108 stones (gained 1)
You see here an orc corpse.
g - 109 stones (gained 1)
f - 18 rations (gained 1) HP restored.
Found a scale mail.
As you open the door, it creaks loudly!
There is an open door here.
There is an open door, spattered with blood here.
Items here: )) [ † a flail; a leather armour; a hand axe; an orc corpse
Things that are here:
a dagger; a robe; an orc corpse As you open the door, it creaks loudly!
There is an open door here.
Found a glowing golden altar of the Shining One.
You open the door.
There is an open door here.
Found a trident.
You open the door.
There is an open door here.
You open the door.
Found 7 arrows.
There is an open door here.
You see here 7 arrows.
You open the door.
There is an open door here.
You open the door.
An orc comes into view. It is wielding a falchion.
Firing (i - inventory. (/) - cycle)
g - 109 stones (quivered)
Press: ? - help, Shift-Dir - straight line, f - orc
Aim: an orc, wielding a falchion (resting)
You shoot a stone. The stone hits the orc!
The stone burns the orc.
You kill the orc!
Okawaru accepts your kill.
There is an open door here.
g - 109 stones (gained 1)
You see here a falchion.
You now have 314 gold pieces (gained 11).
There is an open door here.
There is a glowing golden altar of the Shining One here.
You open the door.
There is an open door here.
All of the chunks of flesh in your inventory have rotted away.
You see here a jackal skeleton.
You open the door. As you open the door, it creaks loudly!
There is an open door here.
Found a war axe.
l - 3 scrolls labeled GEEKAC NYCAEBU (gained 1)
You open the door.
There is an open door here.
There is an open door here.
There is an open door here.
There is a shadowy altar of Dithmenos here.
There is an open door here.
You are feeling hungry.
You open the door.
There is an open door here.
There is an open door here.
There is an open door here.
Done exploring.
Done exploring.
(D) Dungeon (T) Temple
Where to? (Enter - D:6, ? - help)
There is a stone staircase leading down here.
You climb downwards.
There is a stone staircase leading up here.
Autoexplore enabled for D:7 4 wights come into view.
A wight is wielding a trident of freezing.
The wight barely misses you.
Your +6 hunting sling of flaming stops flaming.
You smell chlorine.
a - the +9 staff of Olgreb (weapon)
{rPois} You hit the wight but do no damage.
Your peck misses the wight. The wight barely misses you.
The wight barely misses you.
The wight hits you with a trident of freezing!
You feel drained. The wight freezes you.
The wight hits you from afar with an enchanted spear.
You feel drained. The wight misses you. The wight barely misses you.
You hit the wight. Your kick misses the wight.
The wight is lightly damaged.
The wight hits you with an enchanted falchion!
You feel drained.
You hit the wight but do no damage. You claw the wight, but do no damage.
The wight is lightly damaged.
You hit the wight. You peck the wight, but do no damage.
The wight is moderately damaged.
The wight misses you.
You hit the wight. You claw the wight.
The wight is moderately damaged.
The wight hits you with an enchanted falchion.
The wight hits you with an enchanted great sword!
You die...

##.......# ........#
#.......# #.......##
#########.........
##...#...#......####
.........zz.........
.......#z#...####
#..#..@z#.#..<#
......##########
..... .... ... .#


You could see 4 wights.

Vanquished Creatures
  Grinder (D:5)
  Eustachio (D:5)
  2 black bears (D:5)
  A centaur (D:5)
  A bullfrog (D:6)
  Blork the orc (D:5)
  3 scorpions
  6 killer bees (D:5)
  A howler monkey (D:4)
  A crimson imp (D:5)
  3 orc wizards
  2 orc priests
  Ijyb (D:5)
  2 worker ants (D:5)
  7 adders
  A shadow imp (D:6)
  An ooze (D:3)
  An adder skeleton (D:4)
  6 worms
  3 dart slugs
  6 leopard geckos
  20 orcs
  2 ball pythons (D:1)
  5 bats
  7 giant cockroaches
  7 goblins
  3 hobgoblins
  3 jackals (D:6)
  5 kobolds
  2 quokkas
  3 frilled lizards
  A quokka skeleton (D:3)
  5 rats
114 creatures vanquished.

Notes
Turn   | Place    | Note
-------+----------+-------------------------------------------
     0 | D:1      | edsrzf the Tengu Warper began the quest for the Orb.
     0 | D:1      | Reached XP level 1. HP: 12/12 MP: 4/4
   341 | D:1      | Reached XP level 2. HP: 17/17 MP: 6/6
   479 | D:1      | Reached skill level 3 in Polearms
   552 | D:1      | Learned a level 2 spell: Blink
  1012 | D:2      | Found a sacrificial altar of Ru.
  1022 | D:2      | Reached XP level 3. HP: 21/21 MP: 7/7
  1496 | D:2      | Reached skill level 2 in Throwing
  2072 | D:2      | Identified a potion of magic
  2073 | D:2      | Identified a potion of might
  2074 | D:2      | Identified a potion of heal wounds
  2631 | D:3      | Reached skill level 4 in Polearms
  2631 | D:3      | Reached XP level 4. HP: 7/26 MP: 8/8
  3294 | D:3      | Identified 5 scrolls of identify
  3294 | D:3      | Identified 4 potions of curing
  3295 | D:3      | Identified a potion of cancellation
  3296 | D:3      | Identified a potion of agility
  3297 | D:3      | Identified a potion of ambrosia
  3545 | D:4      | Found the +9 staff of Olgreb {rPois}
  3635 | D:4      | Reached skill level 1 in Slings
  3635 | D:4      | Gained mutation: You can fly. [Tengu growth]
  3635 | D:4      | Reached XP level 5. HP: 22/30 MP: 9/9
  3697 | D:4      | Found a radiant altar of Vehumet.
  3805 | D:4      | Reached skill level 1 in Staves
  4010 | D:4      | Reached skill level 2 in Staves
  4010 | D:4      | Reached skill level 2 in Slings
  4055 | D:4      | Reached XP level 6. HP: 35/35 MP: 10/10
  4284 | D:5      | Entered Level 5 of the Dungeon
  4284 | D:5      | Noticed a black bear
  4290 | D:5      | Killed a black bear
  4290 | D:5      | Reached skill level 3 in Staves
  4292 | D:5      | Noticed Eustachio
  4299 | D:5      | Killed Eustachio
  4299 | D:5      | Reached skill level 4 in Staves
  4299 | D:5      | Reached skill level 3 in Slings
  4299 | D:5      | Reached XP level 7. HP: 30/40 MP: 11/11
  4484 | D:5      | Reached skill level 5 in Staves
  4501 | D:5      | Reached skill level 4 in Slings
  4503 | D:5      | Reached skill level 1 in Evocations
  4507 | D:5      | Reached skill level 6 in Staves
  4507 | D:5      | Reached XP level 8. HP: 23/44 MP: 12/12
  4673 | D:5      | Noticed Grinder
  4680 | D:5      | Killed Grinder
  4680 | D:5      | Reached skill level 2 in Evocations
  4716 | D:5      | Noticed Ijyb
  4725 | D:5      | Killed Ijyb
  4725 | D:5      | Reached skill level 7 in Staves
  4758 | D:5      | Noticed Blork the orc
  4768 | D:5      | Killed Blork the orc
  4778 | D:5      | Found a deep blue altar of Sif Muna.
  4950 | D:5      | Found Liolaipp's Food Shoppe.
  5070 | D:5      | Reached skill level 5 in Slings
  5185 | D:5      | Found a staircase to the Ecumenical Temple.
  5194 | Temple   | Entered the Ecumenical Temple
  5199 | Temple   | Became a worshipper of Warmaster Okawaru
  5593 | D:6      | Reached skill level 3 in Evocations
  5667 | D:6      | Found a sparkling altar of Nemelex Xobeh.
  5767 | D:6      | Found a shadowy altar of Dithmenos.
  5844 | D:6      | Found Ywammess's Antique Weapon Emporium.
  5884 | D:6      | Found a hide-covered altar of Uskayaw.
  5926 | D:6      | Reached skill level 8 in Staves
  6020 | D:6      | Found a glowing golden altar of the Shining One.
  6290 | D:7      | Slain by a wight

Skill      XL: |  1  2  3  4  5  6  7  8 |
---------------+-------------------------+-----
Polearms       | 3 4 |  4.9
Throwing       | 2 |  2.3
Slings         | 1 2 3 4 5 |  5.3
Staves         | 2 4 6 8 |  8.0
Evocations     | 1 3 |  3.3
Fighting       | |  2.0
Armour         | |  1.1
Dodging        | |  2.1
Spellcasting   | |  2.0
Translocations | |  2.4

Action                   |  1- 3 |  4- 6 |  7- 9 || total
-------------------------+-------+-------+-------++-------
Melee: Spear             |   129 |    17 |       ||   146
       Kick              |    18 |     4 |    20 ||    42
       Peck              |    14 |     8 |    10 ||    32
       Staff             |       |    18 |    81 ||    99
 Fire: Hunting sling     |       |    68 |    51 ||   119
Throw: Stone             |    17 |       |       ||    17
 Cast: Blink             |       |       |     4 ||     4
 Abil: Fly               |       |       |     1 ||     1
Evoke: Staff of Olgreb   |       |       |     1 ||     1
  Use: Potion            |     3 |       |     1 ||     4
       Scroll            |       |     4 |       ||     4
 Stab: Sleeping          |     1 |       |       ||     1
  Eat: Chunk             |     2 |     4 |     7 ||    13
       Ration            |     1 |       |       ||     1
Armor: Leather armour    |    16 |     6 |     7 ||    29
       Robe              |       |       |     3 ||     3
Dodge: Dodged            |    60 |    15 |    61 ||   136
